[Event "Early-Titled-Tuesday-Blitz-December-26-2023"]
[Site "Chess.com"]
[Date "2023.12.26"]
[Round "6"]
[White "Lion_DL"]
[Black "ftorodent"]
[Result "0-1"]
[WhiteElo "2370"]
[BlackElo "2616"]
[TimeControl "180+1"]
[EndTime "9:06:54 PST"]
[Termination "ftorodent won by resignation"]

1. d4 f5 2. Bg5 g6 3. Nc3 d5 4. h4 Bg7 5. e3 c6 6. Nf3 Nd7 7.
Bd3 Qc7 8. Bf4 e5 9. Nxe5 Nxe5 10. dxe5 Bxe5 11. Bxe5 Qxe5 12. h5 g5 13. Qf3 Nf6 14. O-O-O h6 15. Kb1 Be6 16. Ne2 Ne4 17. Nd4 O-O-O 18.
Qe2 Kb8 19. Rhe1 Bc8 20. f3 Ng3 21. Qd2 Nxh5 22. Qb4 Qf6 23. Bf1 Ng3 24. Rd3 Qd6 25. Qa4 Nxf1 26. Rxf1 Rhe8 27. Rb3 Ka8 28. Ra3 a6 29. Qa5 Re7 30. Nb3 Rxe3 31. Qb6 Rde8 32.
Rc1 Re1 33. Ra4 Rxc1+ 34. Nxc1 Qd8 35. Qc5 Re1 36. b3 Qe7 37. Qc3 Qe3 38. Qxe3 Rxe3 39. Kb2 f4 40. Rd4 Bf5 41. Rd2 Kb8 42. Ne2 Kc7 43. Nd4 Bd7 44. Rf2 c5 45. Ne2 d4 46.
Kc1 h5 47. Kd2 h4 48. Rf1 Rxe2+ 49. Kxe2 Bb5+ 50. Ke1 Bxf1 51. Kxf1 c4 52. bxc4 Kd6 53. Ke2 Kc5 54. Kd3 g4 55. fxg4 f3 56. gxf3 h3 57.
g5 h2 58. g6 h1=Q 59. g7 Qxf3+ 60. Kd2 Qg2+ 61. Kc1 Qxg7 0-1

[Event "Early-Titled-Tuesday-Blitz-December-26-2023"]
[Site "Chess.com"]
[Date "2023.12.26"]
[Round "6"]
[White "BashirliSaadat"]
[Black "campochess"]
[Result "1/2-1/2"]
[WhiteElo "2437"]
[BlackElo "2190"]
[TimeControl "180+1"]
[EndTime "9:06:55 PST"]
[Termination "Game drawn by stalemate"]

1. e4 c5 2. Nf3 Nc6 3. Bb5 e5 4. Bxc6 dxc6 5. O-O Bd6 6. Nc3 Ne7 7. d3 O-O 8. Be3 Bg4 9. h3 Bh5 10. g4 Bg6 11. h4 h5 12. g5 f5 13. gxf6 gxf6 14. Kh2 Kh7 15. Rg1 Rg8 16. Qd2 Qd7 17. Rg3 Bf7 18.
Rag1 Rxg3 19. Rxg3 Rg8 20. Bh6 Rxg3 21. fxg3 Qg4 22. Bf8 Nf5 23. exf5 Bxf8 24. Qf2 Bd5 25. Nd2 Bh6 26. Nde4 Kg7 27. Qxc5 Qxf5 28. Nxd5 cxd5 29. Qxd5 Qc8 30. c3 Be3 31. Qd6 Qf5 32. Qe7+ Kg6 33. Qe8+ Kg7 34. Kg2 Bb6 35. Qa4 Qg4 36. Qc2 Bd8 37.
Qf2 f5 38. Nd6 f4 39. Kh2 fxg3+ 40. Qxg3 Bxh4 41. Nf5+ Kf6 42. Qxg4 hxg4 43. Nxh4 e4 44. dxe4 Ke5 45. Kg3 Kxe4 46. Kxg4 Kd3 47. Nf3 Kc2 48. b4 Kxc3 49. a3 Kb3 50. b5 Kxa3 51. Nd4 Kb4 52. Kf4 Kc5 53. Ke4 a5 54. Kd3 a4 55. Kc3 b6 56.
Kd3 a3 57. Nb3+ Kxb5 58. Kc3 Ka4 59. Na1 b5 60. Kc2 b4 61. Kb1 b3 62. Nxb3 Kxb3 63.
Ka1 a2 1/2-1/2

[Event "Early-Titled-Tuesday-Blitz-December-26-2023"]
[Site "Chess.com"]
[Date "2023.12.26"]
[Round "6"]
[White "Navyblue1"]
[Black "malakismayil"]
[Result "0-1"]
[WhiteElo "2171"]
[BlackElo "2524"]
[TimeControl "180+1"]
[EndTime "9:06:56 PST"]
[Termination "malakismayil won by resignation"]

1. d4 Nf6 2. c4 e6 3. Nf3 d5 4. Nc3 Be7 5. cxd5 exd5 6. Bg5 O-O 7. e3 c6 8. Qc2 h6 9. Bh4 Bg4 10. Ne5 Be6 11. Bd3 Nbd7 12. O-O Rc8 13. f4 Nxe5 14.
dxe5 Ng4 15. Bxe7 Qxe7 16. Qe2 Qc5 17. Nd1 h5 18. h3 Nh6 19. Qxh5 f5 20. exf6 Rxf6 21.
Qe2 Re8 22. Qd2 Bf5 23. Rc1 Qb6 24. Bxf5 Nxf5 25. Rf3 Nd6 26. Nc3 Nc4 27. Qd4 Rxe3 28. Qxb6 axb6 29. Rxe3 Nxe3 30. Re1 d4 31. Nd1 Nxd1 32.
Rxd1 Rxf4 33. Rd3 Re4 34. Kf2 c5 35. b3 Kf7 36. Kf3 Re6 37. b4 Ke7 38. a4 Rd6 39. Ke4 Ke6 40. a5 cxb4 41. axb6 Rxb6 42. Kxd4 b3 43.
Rd1 b2 44. Rb1 Kf5 45. Kc3 Kf4 46. g4 Kg3 0-1

[Event "Early-Titled-Tuesday-Blitz-December-26-2023"]
[Site "Chess.com"]
[Date "2023.12.26"]
[Round "6"]
[White "defenceboy"]
[Black "Ajedrez_con_German"]
[Result "1-0"]
[WhiteElo "2826"]
[BlackElo "2595"]
[TimeControl "180+1"]
[EndTime "9:06:59 PST"]
[Termination "defenceboy won by resignation"]

1. e4 c5 2. Nf3 a6 3. g3 b5 4. Bg2 Bb7 5. d3 e6 6. O-O Be7 7. a4 Nf6 8. Nc3 b4 9. Ne2 d5 10. e5 Nfd7 11. Nf4 O-O 12. h4 Nc6 13. Re1 a5 14. c3 Qc7 15. Qe2 Rab8 16. Nh5 g6 17. Nf4 bxc3 18. bxc3 Ba6 19. Bh3 Rb3 20. Bd2 Nd8 21. h5 g5 22. Ng2 h6 23. Reb1 Rxb1+ 24. Rxb1 Nc6 25. Re1 Rb8 26. Ne3 Ndxe5 27. Nxe5 Qxe5 28.
Qd1 Qd6 29. Ng4 Bf8 30. c4 Bg7 31. cxd5 exd5 32. Bg2 Nd4 33. Ne3 Bb7 34. Bxa5 Bc6 35. Bc3 Ne6 36. Nf5 Bxc3 37. Nxd6 Bxe1 38. Qxe1 Nd4 39.
Qe7 Rf8 40. a5 1-0

[Event "Early-Titled-Tuesday-Blitz-December-26-2023"]
[Site "Chess.com"]
[Date "2023.12.26"]
[Round "6"]
[White "Hikaru"]
[Black "Alexander_Donchenko"]
[Result "1-0"]
[WhiteElo "3220"]
[BlackElo "2917"]
[TimeControl "180+1"]
[EndTime "9:07:00 PST"]
[Termination "Hikaru won on time"]

1. Nf3 Nf6 2. e3 g6 3. b3 Bg7 4. d4 c5 5. Bb2 cxd4 6. Nxd4 O-O 7. Be2 Nc6 8. O-O d6 9. Nxc6 bxc6 10. c4 a5 11. Bf3 Bd7 12. Nc3 Qb6 13. Na4 Qc7 14. c5 d5 15. Nb6 Ra7 16. Qd2 e5 17. Bc3 Bg4 18. Bxg4 Nxg4 19. h3 Nf6 20. Bxa5 Ne4 21. Qb4 Rb8 22. f3 Ng3 23. Rf2 e4 24. Rd1 exf3 25. Nxd5 Ne2+ 26. Kh1 Ng3+ 27. Kg1 Ne2+ 28. Kh1 cxd5 29. Bxc7 Rxb4 30. Bb6 Rxa2 31. gxf3 Rxb3 32. Rxd5 Ng3+ 33. Kg2 Rxf2+ 34. Kxf2 Nf5 35. Rd8+ Bf8 36. c6 Rc3 37. c7 Ne7 38. Ba5 Rc2+ 39. Ke1 Rc4 40.
Kd2 Kg7 41. Kd3 Rc6 42. e4 f6 43. f4 Kf7 44. f5 gxf5 45. exf5 Bh6 46. Rh8 1-0

[Event "Early-Titled-Tuesday-Blitz-December-26-2023"]
[Site "Chess.com"]
[Date "2023.12.26"]
[Round "6"]
[White "krasavetc"]
[Black "ilushka"]
[Result "0-1"]
[WhiteElo "2629"]
[BlackElo "2482"]
[TimeControl "180+1"]
[EndTime "9:07:02 PST"]
[Termination "ilushka won by resignation"]

1. e4 e6 2. d4 d5 3. Nc3 Nf6 4.
e5 Nfd7 5. f4 c5 6. Nf3 a6 7.
Be3 b5 8. Qd2 Qb6 9. Be2 Nc6 10.
O-O cxd4 11. Nxd4 Nxd4 12. Bxd4 Bc5 13. Rfd1 O-O 14. a3 Bb7 15. Bxc5 Qxc5+ 16. Qd4 Rfc8 17.
Qxc5 Nxc5 18. Kf2 f6 19. exf6 gxf6 20. Bf3 Na4 21. Nxa4 Rxc2+ 22. Ke3 bxa4 23. Rd2 Rac8 24. Rad1 Kg7 25. Be2 Kf7 26. Bf3 Ke7 27. Kf2 Kd6 28.
Bg4 R8c4 29. g3 e5 30. Bf5 Rxd2+ 31. Rxd2 h6 32. Bd3 Rc5 33. Bc2 Bc6 34. g4 d4 35.
h4 Bd5 36. Bd1 Bb3 37. Be2 Rc2 38. Rxc2 Bxc2 39. g5 hxg5 40. fxg5 fxg5 41. hxg5 e4 42. Bh5 e3+ 43. Ke2 Ke5 44. Bg4 Kf4 45. Bc8 d3+ 46. Ke1 d2+ 47. Kf1 d1=Q+ 48. Kg2 Qf3+ 0-1

[Event "Early-Titled-Tuesday-Blitz-December-26-2023"]
[Site "Chess.com"]
[Date "2023.12.26"]
[Round "6"]
[White "Felix-Rose"]
[Black "PolinaYanch"]
[Result "1-0"]
[WhiteElo "2244"]
[BlackElo "1692"]
[TimeControl "180+1"]
[EndTime "9:07:02 PST"]
[Termination "Felix-Rose won by resignation"]

1. e4 c5 2. Nf3 d6 3. d4 cxd4 4. Nxd4 Nf6 5. Nc3 a6 6. f3 e5 7. Nb3 Be6 8. Be3 d5 9. exd5 Nxd5 10. Nxd5 Qxd5 11. Qxd5 Bxd5 12. O-O-O Bxb3 13. axb3 Be7 14. Bc4 O-O 15. Bb6 a5 16. Bb5 Nc6 17. Rd7 Bg5+ 18.
Kb1 Nd4 19. Bc4 a4 20. bxa4 Rxa4 21. b3 Raa8 22. Rxb7 Rab8 23. Bxf7+ Kh8 24. Rxb8 Rxb8 25. Bc7 Rb5 26. Bc4 Rc5 27. Bd6 Ra5 28. c3 Nf5 29. Bb4 Ra8 30. Re1 Ne3 31. h4 Bh6 32. Re2 Rd8 33.
g4 Rd1+ 34. Kb2 Nxc4+ 35. bxc4 Bf4 36. Kc2 Rf1 37. c5 Rxf3 38. c6 Kg8 39. c7 e4 40.
c8=Q+ 1-0

[Event "Early-Titled-Tuesday-Blitz-December-26-2023"]
[Site "Chess.com"]
[Date "2023.12.26"]
[Round "6"]
[White "ChessSwole"]
[Black "UnTucopalaTimba"]
[Result "1-0"]
[WhiteElo "2703"]
[BlackElo "2151"]
[TimeControl "180+1"]
[EndTime "9:07:03 PST"]
[Termination "ChessSwole won on time"]

1. d4 Nf6 2. Nc3 e6 3. e4 d5 4. e5 Nfd7 5. f4 c5 6. Nf3 Nc6 7. Be3 Qb6 8. Na4 Qa5+ 9. c3 cxd4 10. b4 Qc7 11. Nxd4 Nxd4 12. Bxd4 a5 13. a3 Be7 14.
Bd3 O-O 15. O-O b6 16. Re1 Ba6 17. Bc2 Bc4 18. f5 exf5 19. Bxf5 b5 20. Nb2 axb4 21. axb4 Rxa1 22. Qxa1 Nb6 23. Qb1 g6 24. Bg4 Na4 25. e6 f5 26. Bf3 Nxb2 27. Qxb2 Ra8 28. Ra1 Rxa1+ 29. Qxa1 Qd6 30. Qa8+ Qd8 31. Qb7 Kf8 32. Kh1 Ke8 33. Bf6 Kf8 34. h3 h5 35. Bxd5 Bxd5 36. Bxe7+ Qxe7 37. Qxd5 Kg7 38. Qe5+ Qf6 39. Qc7+ Kf8 40. Qc8+ Ke7 41. Qd7+ Kf8 42. Kg1 Qe7 43. Qxb5 Qxe6 44. Qc5+ Kf7 45. b5 Qe1+ 46. Kh2 Qe8 47. Qc7+ Kf6 48. b6 1-0

[Event "Early-Titled-Tuesday-Blitz-December-26-2023"]
[Site "Chess.com"]
[Date "2023.12.26"]
[Round "6"]
[White "mariofs"]
[Black "Abduzhaparov"]
[Result "1-0"]
[WhiteElo "2216"]
[BlackElo "2399"]
[TimeControl "180+1"]
[EndTime "9:07:04 PST"]
[Termination "mariofs won on time"]

1. d4 d6 2. Nc3 Nf6 3. e4 Nbd7 4. Bf4 e5 5. dxe5 dxe5 6. Bg5 c6 7. Bc4 Bb4 8. Ne2 Qa5 9. Bxf6 Nxf6 10. Qd3 O-O 11. O-O b5 12. Bb3 Bc5 13. Rad1 Qb6 14. h3 a5 15. a4 b4 16. Nb1 Ba6 17. Qf3 Rad8 18.
Nd2 Rd7 19. Nc4 Bxc4 20. Bxc4 Rfd8 21. Rxd7 Rxd7 22. Bd3 Bd4 23. b3 Bc5 24. Ng3 Bf8 25. Nf5 g6 26. Ne3 Bg7 27. Nc4 Qc7 28. Rd1 Nh5 29.
g3 Qd8 30. Kg2 f6 31. Ne3 Bf8 32. Bc4+ Kg7 33. Rxd7+ Qxd7 34. Bd3 Bc5 35. Nc4 Qd8 36. Qd1 Qd4 37. Qf3 Qd8 38. Qd1 Qd4 39. Qe1 Qd8 40. Be2 Kh6 41. Qc1+ Kg7 42. Qd1 Bd4 43. Bxh5 gxh5 44.
Qxh5 Bc5 45. Qg4+ Kf7 46. Qh5+ Kg7 47. Qe2 Kf7 48. h4 Kg7 49. Qd3 Bd4 50. Ne3 Kf7 51.
Nf5 1-0

[Event "Early-Titled-Tuesday-Blitz-December-26-2023"]
[Site "Chess.com"]
[Date "2023.12.26"]
[Round "6"]
[White "DuleMudule"]
[Black "Evgeny81"]
[Result "0-1"]
[WhiteElo "2926"]
[BlackElo "2781"]
[TimeControl "180+1"]
[EndTime "9:07:05 PST"]
[Termination "Evgeny81 won on time"]

1. d4 d5 2. Bf4 Nf6 3. e3 Bg4 4. Nf3 e6 5. c4 Bd6 6. Bg5 c6 7.
Qb3 Qc7 8. c5 Be7 9. Bf4 Qc8 10.
Ne5 Nbd7 11. Nxg4 Nxg4 12. Be2 Ngf6 13. Nc3 O-O 14. O-O Bd8 15. Qc2 Bc7 16. Bxc7 Qxc7 17. f4 b6 18. b4 a5 19. a3 axb4 20. axb4 Rfb8 21. Ra2 Rxa2 22. Qxa2 h6 23. Ra1 bxc5 24. bxc5 g5 25. g3 Kf8 26. Qa3 Ke7 27. Kf2 Rb7 28.
Nb5 Ne4+ 29. Ke1 cxb5 30. c6+ b4 31. Qc1 Ra7 32. Rxa7 Qxa7 33. cxd7 Nc3 34. Qc2 Kxd7 35. Bh5 Ke7 36. Bxf7 Qa1+ 37. Kf2 Ne4+ 38. Kg2 Qc3 39. Qe2 Kxf7 40. Qh5+ Kg7 41. Qe8 Qd2+ 42. Kh3 Nf2+ 43. Kg2 Ne4+ 44. Kh3 g4+ 45. Kxg4 Nf6+ 46. Kh4 Nxe8 0-1

[Event "Early-Titled-Tuesday-Blitz-December-26-2023"]
[Site "Chess.com"]
[Date "2023.12.26"]
[Round "6"]
[White "RamonManon0g"]
[Black "Yushko_Olga"]
[Result "0-1"]
[WhiteElo "2362"]
[BlackElo "2183"]
[TimeControl "180+1"]
[EndTime "9:07:05 PST"]
[Termination "Yushko_Olga won on time"]

1. e4 e6 2. d4 d5 3. Nd2 Nf6 4.
e5 Nfd7 5. Ngf3 c5 6. c3 Nc6 7.
Bb5 Qb6 8. Bxc6 bxc6 9. O-O cxd4 10. cxd4 c5 11. dxc5 Bxc5 12. Nb3 O-O 13. Nxc5 Qxc5 14. Be3 Qb5 15. b3 a5 16. Rc1 a4 17. Nd4 Qb7 18. Qh5 axb3 19. axb3 Re8 20. f4 Nf8 21. Rf3 Bd7 22. Rg3 Rec8 23. Rf1 Ra2 24. f5 exf5 25.
e6 Bxe6 26. Nxe6 fxe6 27. Bd4 Ng6 28. h4 e5 29. Bxe5 Nxe5 30. Qxf5 Nf7 31. Qf6 Nh8 32. Qe6+ Nf7 33. Rxf7 Qxf7 34. Qxc8+ Qf8 35. Qe6+ Qf7 36. Qc8+ Qf8 37. Qe6+ Kh8 38. h5 Ra1+ 39. Kh2 h6 40. Qxd5 Qe8 41. b4 Rb1 42. Rg4 Qb8+ 43. g3 Rb2+ 44.
Kh3 Qf8 45. Rf4 Qc8+ 46. Rg4 Rxb4 47. Qf3 Rb1 48. Kh4 Rh1+ 0-1

[Event "Early-Titled-Tuesday-Blitz-December-26-2023"]
[Site "Chess.com"]
[Date "2023.12.26"]
[Round "6"]
[White "wonderfultime"]
[Black "Zhigalko_Sergei"]
[Result "1-0"]
[WhiteElo "3027"]
[BlackElo "2892"]
[TimeControl "180+1"]
[EndTime "9:07:06 PST"]
[Termination "wonderfultime won on time"]

1. d4 Nf6 2. c4 e6 3. Nc3 Bb4 4. e3 O-O 5. Bd2 b6 6. Nf3 Bb7 7. Bd3 d6 8. O-O Nbd7 9. a3 Bxc3 10. Bxc3 Ne4 11. Be1 f5 12. Nd2 Qe8 13. f3 Ng5 14. Bc2 Qg6 15. Kh1 Rae8 16. Qe2 e5 17. d5 Qh6 18. b4 Bc8 19. Nb1 Nf6 20. Nc3 f4 21.
exf4 exf4 22. Qd2 Nh5 23. Kg1 Bf5 24. Bxf5 Rxf5 25. Bh4 Nf6 26. Bf2 Qh5 27. Bd4 Nd7 28. Rae1 Ne5 29. Kh1 Rf6 30. c5 Ngf7 31. Ne4 Rf5 32.
cxd6 cxd6 33. Qc2 Qh6 34. Qc7 Rh5 35. Bg1 Rf8 36. Qxa7 Ng6 37. Qxb6 Nh4 38. Qf2 Nf5 39. b5 Ng5 40. h3 Ng3+ 41. Nxg3 Nxh3 42. Nxh5 Nxf2+ 43. Bxf2 Qxh5+ 44. Kg1 Qxd5 45. b6 Rb8 46. Re7 Qa5 47. Rc1 h6 48. Rcc7 1-0

[Event "Early-Titled-Tuesday-Blitz-December-26-2023"]
[Site "Chess.com"]
[Date "2023.12.26"]
[Round "6"]
[White "Druid24"]
[Black "ShahMatKanal"]
[Result "1-0"]
[WhiteElo "2696"]
[BlackElo "2526"]
[TimeControl "180+1"]
[EndTime "9:07:07 PST"]
[Termination "Druid24 won by checkmate"]

1. e4 c5 2. Nc3 Nc6 3. Bb5 g6 4.
Bxc6 dxc6 5. d3 Bg7 6. Nge2 e5 7. Be3 Qe7 8. Qd2 Nf6 9. Bh6 O-O 10. O-O Rd8 11.
Bxg7 Kxg7 12. f4 c4 13. fxe5 Qxe5 14. d4 Ng4 15. Qf4 Qxf4 16. Rxf4 Ne3 17. Rc1 f5 18. Rf3 Ng4 19. e5 b5 20. h3 Nh6 21. Rd1 Nf7 22. Re3 Ng5 23. d5 cxd5 24. Nxb5 Ne6 25. Nd6 Rb8 26. Rxd5 Rxb2 27. Nd4 Nxd4 28. Rxd4 Rxc2 29.
e6 Bxe6 30. Rxe6 Rb8 31. Re7+ Kf6 32. Rc7 Rbb2 33. Nxc4 Rxg2+ 34. Kf1 Rgf2+ 35. Ke1 Rh2 36. Nxb2 Rxb2 37. Rxh7 Rxa2 38. Rd6+ Kg5 39. Rg7 a5 40. Rgxg6+ Kf4 41. Ra6 a4 42. Rgb6 Kf3 43. Rb4 f4 44. Raxa4 Re2+ 45. Kd1 Rh2 46. Rxf4+ Ke3 47. Rfe4+ Kd3 48.
Red4+ Ke3 49. Rh4 Kd3 50. Ra3# 1-0

[Event "Early-Titled-Tuesday-Blitz-December-26-2023"]
[Site "Chess.com"]
[Date "2023.12.26"]
[Round "6"]
[White "Philosopherrr"]
[Black "ProfessorChess101"]
[Result "0-1"]
[WhiteElo "2399"]
[BlackElo "2604"]
[TimeControl "180+1"]
[EndTime "9:07:09 PST"]
[Termination "ProfessorChess101 won on time"]

1. e4 c5 2. Nf3 Nc6 3. Bb5 e5 4. O-O Bd6 5. c3 a6 6. Ba4 b5 7. Bb3 c4 8. Bc2 Nge7 9. d4 cxd3 10. Qxd3 Bc5 11. a4 b4 12. Nbd2 d6 13. Nc4 O-O 14.
Rd1 Bg4 15. h3 Bh5 16. Bg5 Qc7 17. g4 Bg6 18. Ne3 Qa7 19. Nf5 Bxf2+ 20. Kg2 Bc5 21. Bb3 d5 22. Bxd5 Rad8 23. Qc4 Bxf5 24. gxf5 Nxd5 25. Rxd5 Rxd5 26. Qxd5 Ne7 27. Qc4 bxc3 28. bxc3 h6 29. Bh4 Qb6 30. Rd1 Nc6 31. f6 g6 32. Bg3 Re8 33. Rd5 Bf8 34. Nxe5 Nxe5 35. Bxe5 Qb2+ 36. Kf3 Qc1 37. Rd7 Qh1+ 38. Kg3 Qg1+ 39.
Kf3 Re6 40. Rd8 Qh1+ 0-1

[Event "Early-Titled-Tuesday-Blitz-December-26-2023"]
[Site "Chess.com"]
[Date "2023.12.26"]
[Round "6"]
[White "Eternauta2400"]
[Black "Elsa167"]
[Result "1-0"]
[WhiteElo "2824"]
[BlackElo "2975"]
[TimeControl "180+1"]
[EndTime "9:07:10 PST"]
[Termination "Eternauta2400 won on time"]

1. c4 Nf6 2. Nc3 g6 3. g3 Bg7 4. Bg2 O-O 5. d4 d6 6. Nf3 Nbd7 7. O-O e5 8. e4 exd4 9. Nxd4 Re8 10. h3 Nc5 11.
Qc2 c6 12. Be3 a5 13. Rad1 a4 14. Rfe1 Qa5 15. a3 Nfd7 16. f4 Nb6 17. Qe2 Be6 18.
Nxe6 Rxe6 19. Bd4 Bxd4+ 20. Rxd4 Nb3 21. Rdd1 Qc5+ 22. Kh2 Qxc4 23. Qg4 Qc5 24. e5 h5 25.
Qg5 dxe5 26. Rd8+ Rxd8 27. Qxd8+ Kg7 28. Ne4 Qa5 29. Rf1 exf4 30. Rxf4 Nd5 31. Rxf7+ Kxf7 32. Ng5+ Kg7 33. Nxe6+ Kf7 34. Ng5+ Kg7 35. Qd7+ Kf6 36. h4 Ke5 37. Qg7+ Kd6 38. Qxg6+ Kc7 39. Qxh5 Qd2 40.
Qf7+ Kb8 41. Qf8+ Ka7 42. Ne4 Qxb2 43. h5 Ne3 44. Qf2 Qxf2 45. Nxf2 Nf5 46. g4 Ne7 47. Be4 Nc5 48. Bc2 Ne6 49. h6 b5 50. h7 1-0

[Event "Early-Titled-Tuesday-Blitz-December-26-2023"]
[Site "Chess.com"]
[Date "2023.12.26"]
[Round "6"]
[White "Ali_rastbod"]
[Black "Shahdad2007"]
[Result "1-0"]
[WhiteElo "2727"]
[BlackElo "2345"]
[TimeControl "180+1"]
[EndTime "9:07:10 PST"]
[Termination "Ali_rastbod won by resignation"]

1. Nf3 Nf6 2. g3 b6 3. Bg2 Bb7 4. O-O e6 5. a4 a6 6. a5 b5 7. d3 c5 8. e4 d5 9. exd5 Nxd5 10. Ng5 Ra7 11. Qh5 g6 12. Qe2 Bg7 13. Ne4 Qc7 14.
c4 Nb4 15. Bf4 e5 16. Be3 Nd7 17. cxb5 axb5 18. Nbc3 Ba6 19. Rfc1 O-O 20. Qd2 f5 21. Nxc5 Nxc5 22. Nxb5 Bxb5 23. Qxb4 Bxd3 24. Bxc5 Rb8 25. Bxa7 Qxc1+ 26. Rxc1 Rxb4 27. Bd5+ Kh8 28. Rc8+ Bf8 29. Rxf8+ Kg7 30. Rf7+ Kh6 31. Rb7 Ra4 32. h4 Rxa5 33.
Be3+ f4 34. gxf4 exf4 35. Bxf4+ g5 36. Bxg5+ Kg6 37. Rb6+ Kf5 38. Rf6+ Ke5 39. Bf3 Ra1+ 40. Kg2 Rb1 41. Rf8 Ke6 42. Re8+ Kf7 43. Bh5+ Kg7 44.
Re7+ Kf8 45. Re3 Bg6 46. Bxg6 hxg6 47. Bf6 Kf7 48. Bc3 Rd1 49. Rf3+ Ke6 50. Rf6+ 1-0

[Event "Early-Titled-Tuesday-Blitz-December-26-2023"]
[Site "Chess.com"]
[Date "2023.12.26"]
[Round "6"]
[White "jacky72"]
[Black "jeetjain"]
[Result "1-0"]
[WhiteElo "2810"]
[BlackElo "2576"]
[TimeControl "180+1"]
[EndTime "9:07:11 PST"]
[Termination "jacky72 won by checkmate"]

1. b3 Nf6 2. Bb2 g6 3. Nf3 Bg7 4.
c4 O-O 5. e3 c6 6. Be2 d6 7.
O-O Nbd7 8. d4 Qc7 9. Nc3 e5 10.
dxe5 dxe5 11. b4 a5 12. a3 Re8 13. c5 h5 14. e4 Nf8 15. Ng5 Ne6 16. Nxe6 Bxe6 17. Qc2 h4 18. Na4 h3 19. g3 Rad8 20.
Nb6 Bh6 21. Rfd1 Bg4 22. Bxg4 Nxg4 23. Qe2 Nf6 24. Nc4 Rxd1+ 25. Rxd1 Bg7 26. Nxa5 b6 27.
Nb3 Nd7 28. cxb6 Nxb6 29. Nc5 Qe7 30. f3 Rd8 31. Rxd8+ Qxd8 32. Qd3 Qe7 33. a4 Bf8 34. a5 Nc8 35. Qc3 f6 36. Qc4+ Kh7 37. Nd3 Qa7+ 38. Nc5 Nd6 39. Qe6 Nxe4 40. Qxh3+ Kg7 41. Qd7+ Qxd7 42. Nxd7 Nd6 43. Nxf8 Kxf8 44. a6 Nb5 45. Bc1 c5 46. bxc5 Ke7 47. h4 Kd7 48. g4 Kc6 49. h5 gxh5 50. gxh5 Nd4 51. h6 Nxf3+ 52. Kh1 Nh4 53. h7 Ng6 54. Bh6 e4 55. Bg7 f5 56.
h8=Q Nxh8 57. Bxh8 f4 58. Be5 f3 59. Bd4 Kc7 60.
Kg1 Kb8 61. c6 Ka8 62. c7 f2+ 63. Kf1 e3 64. c8=Q# 1-0

[Event "Early-Titled-Tuesday-Blitz-December-26-2023"]
[Site "Chess.com"]
[Date "2023.12.26"]
[Round "6"]
[White "Bauman_Guy"]
[Black "GMWSO"]
[Result "0-1"]
[WhiteElo "2905"]
[BlackElo "3050"]
[TimeControl "180+1"]
[EndTime "9:07:14 PST"]
[Termination "GMWSO won by resignation"]

1. e4 e5 2. Nf3 Nc6 3. Bb5 Nf6 4.
O-O Nxe4 5. Re1 Nd6 6. a4 Be7 7. Nc3 a6 8. Bf1 f6 9. d4 Nf7 10. Nd5 O-O 11. c3 d6 12. Bc4 Kh8 13. Qd3 a5 14.
Nh4 Qd7 15. Bb3 Bd8 16. Bc2 f5 17. Nxf5 Qxf5 18. Qxf5 Bxf5 19. Bxf5 exd4 20. f4 Nh6 21. Be4 Ng8 22. Rd1 Nf6 23. Nxf6 Bxf6 24. Bxc6 bxc6 25.
cxd4 Rfe8 26. Kf2 Rab8 27. Rd3 Re4 28. Be3 Rxb2+ 29. Kf3 d5 30. Rc1 Rb6 31. Rdc3 h5 32.
Rxc6 Rb4 33. Rxc7 Rxa4 34. R7c5 Ra3 35. R1c3 Rxc3 36. Rxc3 Bxd4 37. Bxd4 Rxd4 38. Rc5 a4 39. Ke3 Re4+ 40. Kf3 Rd4 41. Ke3 Rd1 42. Ke2 Rh1 43. h3 a3 44. Ra5 Ra1 45. Kf2 a2 46. Kg3 d4 47. Rxh5+ Kg8 48. Ra5 d3 0-1

[Event "Early-Titled-Tuesday-Blitz-December-26-2023"]
[Site "Chess.com"]
[Date "2023.12.26"]
[Round "6"]
[White "sergoy"]
[Black "sokidze"]
[Result "1-0"]
[WhiteElo "2948"]
[BlackElo "2779"]
[TimeControl "180+1"]
[EndTime "9:07:14 PST"]
[Termination "sergoy won on time"]

1. d4 Nf6 2. c4 e6 3. Nf3 d5 4. Nc3 a6 5. cxd5 exd5 6. Bg5 Be6 7. Qb3 Nbd7 8. e3 b5 9. Ne5 Nxe5 10. dxe5 d4 11. Qc2 dxc3 12. exf6 gxf6 13. Bh4 cxb2 14.
Qxb2 Bg7 15. Rd1 Qe7 16. Bd3 O-O 17. O-O c5 18. Bb1 Rfd8 19. Qc2 h6 20. Qh7+ Kf8 21.
Bg3 Rxd1 22. Rxd1 Rd8 23. Rc1 c4 24. Bf4 Qa3 25. Rf1 c3 26. h3 Bc4 27. Re1 Qb2 28. Bc7 Qd2 29. Bxd8 Qxe1+ 30. Kh2 Qd2 31. Bc7 b4 32.
Qe4 Qd5 33. Qxd5 Bxd5 34. Bd6+ Ke8 35. Bxb4 f5 36. Bxf5 Bxa2 37. Bc2 Bc4 38. Kg3 Kd7 39. f4 Kc6 40. Ba4+ Bb5 41. Bc2 Kb6 42. Be7 a5 43. Bd8+ Ka6 44. Be7 a4 45. Kf2 Ka5 46. Ke1 Bc4 47.
Kd1 Bb3 48. g4 Kb5 49. h4 Kc4 50. g5 hxg5 51. fxg5 Bh8 52. h5 Be5 53. h6 1-0

[Event "Early-Titled-Tuesday-Blitz-December-26-2023"]
[Site "Chess.com"]
[Date "2023.12.26"]
[Round "6"]
[White "Virgo15"]
[Black "rasmussvane"]
[Result "1/2-1/2"]
[WhiteElo "2768"]
[BlackElo "2926"]
[TimeControl "180+1"]
[EndTime "9:07:20 PST"]
[Termination "Game drawn - insufficient material"]

1. d4 d5 2. Bf4 e6 3. e3 Bd6 4. Bg3 Nf6 5. Nf3 O-O 6. Nbd2 c5 7. c3 Qc7 8. Rc1 Nbd7 9. c4 b6 10. b4 Bb7 11. cxd5 Bxd5 12. bxc5 bxc5 13. Be2 Bxg3 14.
hxg3 Qa5 15. dxc5 Nxc5 16. O-O Rac8 17. Nc4 Qxa2 18. Ra1 Qb3 19. Nd4 Qxd1 20. Rfxd1 Nfe4 21. Bf1 Nxf2 22. Kxf2 Ne4+ 23. Kg1 Bxc4 24. Bxc4 Rxc4 25. Rxa7 Nxg3 26. Rb1 Nf5 27. Nf3 Nxe3 28. Rbb7 Rg4 29. Kf2 Nd5 30. Ne5 Rf4+ 31. Kg3 Rf5 32. Nd7 Rd8 33.
Nc5 h6 34. Kh4 Ne3 35. Nxe6 fxe6 36. Rxg7+ Kf8 37. g4 Rd4 38. Kg3 Rg5 39. Rh7 Rdxg4+ 40. Kf3 Rg3+ 41. Ke4 R5g4+ 42. Ke5 Rg7 43. Rh8+ Rg8 44. Rhh7 Nc4+ 45. Kd4 Nd6 46. Ke5 R3g5+ 47. Kxd6 R5g7 48. Raxg7 Rxg7 49. Rxh6 Kf7 50. Rxe6 Rg6 51. Rxg6 Kxg6 1/2-1/2

[Event "Early-Titled-Tuesday-Blitz-December-26-2023"]
[Site "Chess.com"]
[Date "2023.12.26"]
[Round "6"]
[White "a-z30"]
[Black "CSB7"]
[Result "0-1"]
[WhiteElo "2492"]
[BlackElo "2681"]
[TimeControl "180+1"]
[EndTime "9:07:23 PST"]
[Termination "CSB7 won by resignation"]

1. d3 e5 2. Nf3 Nc6 3. g3 d5 4.
Bg2 Nf6 5. O-O Be7 6. a3 a5 7. Nc3 O-O 8. Bg5 d4 9. Nb1 h6 10. Bxf6 Bxf6 11. c3 Be6 12. cxd4 exd4 13. Qa4 Bd5 14. Nbd2 Re8 15. Rfe1 Ra6 16. Nc4 Na7 17.
Qc2 a4 18. Rac1 c5 19. Ncd2 b6 20. Ne4 Be7 21. Ned2 Bf8 22. Qb1 b5 23. Ne4 Rc6 24. Ned2 Rce6 25. Kf1 Nc6 26. b3 axb3 27. Nxb3 c4 28.
dxc4 bxc4 29. Nbd2 c3 30. Nb3 Bxa3 31. Rcd1 Qb6 32.
Nbxd4 Qxb1 33. Rxb1 Nxd4 34. Nxd4 Bxg2+ 35. Kxg2 Re4 36. e3 Rxd4 37. exd4 Rxe1 38. Rxe1 c2 39. Re8+ Kh7 40.
Rc8 c1=Q 41. Rxc1 Bxc1 42. Kf3 Kg6 43. Ke4 Kf6 44. f4 Ke6 45. g4 Kd6 46. h4 Bb2 47. h5 Ba1 48. g5 Ke6 49. d5+ Kd6 50. Kf5 Kxd5 51. g6 fxg6+ 52. Kxg6 Ke4 53. f5 Bf6 54. Kh7 Kxf5 55. Kg8 Kg5 56. Kh7 Kxh5 0-1

[Event "Early-Titled-Tuesday-Blitz-December-26-2023"]
[Site "Chess.com"]
[Date "2023.12.26"]
[Round "6"]
[White "Azeryahu"]
[Black "LUISMIGUELOV"]
[Result "1-0"]
[WhiteElo "3000"]
[BlackElo "2190"]
[TimeControl "180+1"]
[EndTime "9:07:23 PST"]
[Termination "Azeryahu won on time"]

1. e4 c6 2. d4 d5 3. exd5 cxd5 4.
Bd3 Nc6 5. c3 Qc7 6. Ne2 Bg4 7.
O-O Bxe2 8. Qxe2 e6 9. Nd2 Be7 10. Nf3 Nf6 11. Re1 O-O 12. g3 a6 13. Bf4 Bd6 14.
Bg5 Be7 15. Kg2 h6 16. Bf4 Bd6 17. Bd2 b5 18. a3 Rab8 19. h4 Rfe8 20. Rad1 Na5 21. Bc1 Nb3 22. Be3 Na5 23. Bb1 Nc4 24. Bc1 a5 25. Qd3 Ne4 26. Qe2 f5 27. h5 Bxg3 28. Bxe4 dxe4 29. fxg3 exf3+ 30. Qxf3 Qb7 31. Qxb7 Rxb7 32. d5 e5 33. d6 Rd7 34. Rd5 b4 35. axb4 axb4 36. b3 Nb6 37. Rb5 Rxd6 38. c4 Nd7 39. Rxb4 Rd3 40. Rb5 Rb8 41. Rexe5 Ra8 42. Rxf5 Ra2+ 43. Rf2 Ra1 44. Bb2 Rb1 45. Rd5 Rxb3 46. Bxg7 Nb6 47. Rdf5 Nd7 48. Bxh6 R1b2 49. Bf4 Rxf2+ 50. Kxf2 Rc3 51. Rg5+ Kf7 52. h6 Rxc4 53.
Rg7+ Kf8 54. Bd6+ Ke8 55. Re7+ Kd8 56. h7 Rc2+ 57. Kg1 Rc1+ 58. Kh2 Rc2+ 59. Kh3 Rc1 60. h8=Q+ 1-0